 Dungeon Crawl Stone Soup version 0.31-a0-986-g5e6e4ef867 (webtiles) character file.

Game seed: 10525873943689604686

938 Dittersdorf the Trooper (level 8, -2/63 HPs)
             Began as a Human Fighter on Nov 9, 2023.
             Killed by divine providence
             ... invoked by an orc priest
              (11 damage)
             ... on level 5 of the Dungeon.
             The game lasted 00:07:14 (4148 turns).

Dittersdorf the Trooper (Human Fighter)             Turns: 4148, Time: 00:07:14

Health: -2/63      AC: 18    Str: 25    XL:     8   Next: 34%
Magic:  8/8        EV:  9    Int:  8    God:
Gold:   259        SH: 10    Dex: 13    Spells: 7/7 levels left

rFire   . . .        a - +0 long sword (protect)
rCold   . . .        c - +0 buckler
rNeg    . . .        b - +0 scale mail
rPois   +            m - +2 hat
rElec   .            (no cloak)
rCorr   .            e - +1 pair of gloves
SInv    .            (no boots)
Will    .....        j - amulet of reflection Stlth
                     h - ring of poison resistance
HPRegen 0.30/turn    A - +6 ring of strength
MPRegen 0.11/turn

%: reflection
@: under a protective aura
A: no striking features
a: no special abilities


You were on level 5 of the Dungeon.
You visited 1 branch of the dungeon, and saw 5 of its levels.

You collected 259 gold pieces.

Inventory:

Hand Weapons
 a - a +0 long sword of protection (weapon)
Missiles
 i - a throwing net
Armour
 b - a +0 scale mail (worn)
 c - a +0 buckler (worn)
 e - a +1 pair of gloves (worn)
 m - a +2 hat (worn)
Jewellery
 h - a ring of poison resistance (left hand)
 j - an amulet of reflection (around neck)
 y - a ring of ice
 A - a +6 ring of strength (right hand)
Wands
 u - a wand of light (3)
 B - a wand of flame (17) (quivered)
Scrolls
 k - 4 scrolls of teleportation
 l - a scroll of fog
Potions
 d - a potion of might
 f - a potion of mutation {unknown}
 g - 2 potions of attraction {unknown}
 n - a potion of degeneration {unknown}
 o - 2 potions of brilliance
 q - a potion of haste
 t - a potion of invisibility
 z - a potion of berserk rage


   Skills:
 + Level 5.4 Fighting
 + Level 4.8 Long Blades
 + Level 5.3 Armour
 + Level 5.4 Shields


You had 7 spell levels left.
You didn't know any spells.
Your spell library was empty.

Dungeon Overview and Level Annotations

Branches:
Dungeon (5/15)
 Temple: D:4-7

Altars:
Gozag
The Shining One

Shops:
D:1 ?   D:2 [   D:3 ?

Annotations:
D:4 3 runed translucent doors, kaesle's ghost, amateur HOFi


Message History

Beogh smites you!
The orc shouts!
The orc priest hits you with a +0 club.
You barely miss the orc priest. You block the orc priest's attack.
You slash the orc priest!
Your weapon exudes an aura of protection.
The orc priest is heavily wounded.
The orc priest hits you but does no damage.
You barely miss the orc priest.
The orc priest is heavily wounded.
The orc priest hits you but does no damage.
You block the orc's attack. The orc hits you with a +4 trident.
The orc priest mumbles some strange prayers to Beogh against you.
Beogh smites you!
You closely miss the orc priest.
The orc priest is heavily wounded.
The orc priest calls down the wrath of Beogh upon you.
You struggle to resist.
The orc hits you with a +4 trident.
You barely miss the orc priest.
The orc priest is heavily wounded.
You block the orc priest's attack. The orc hits you with a +4 trident.
You hit the orc priest but do no damage.
Your weapon exudes an aura of protection.
The orc priest is heavily wounded.
The orc priest invokes the aid of Beogh against you.
Pain shoots through your body!
* * * LOW HITPOINT WARNING * * *
The orc hits you with a +4 trident.
* * * LOW HITPOINT WARNING * * *
You closely miss the orc priest.
The orc priest is heavily wounded.
The orc priest casts a cantrip, but nothing happens.
The orc hits you but does no damage.
You hit the orc priest.
The orc priest is almost dead.
The orc closely misses you.
The orc priest calls down the wrath of Beogh upon you.
Beogh smites you!
You die...

#.#..#.#....#
#.#..#.<{o..#
.........{..# ###
#
#.########.......#
.# #.# ###.##.##.#
#.# #.##.##.# ..#
#.......# †##
#####.o....# .#
.......@o#.# ##
.####'##...# #.
##..## # ##..##
.##..## ..##..##
++.⌠.++..#
##...##...#
##...##..#.# #####


You could see an orc priest and an orc.

Vanquished Creatures
  Sigmund (D:2)
  3 ogres
  A black bear (D:5)
  3 hounds (D:4)
  Ijyb (D:3)
  2 iguanas (D:5)
  An orc wizard (D:4)
  Natasha (thrice) (D:4)
  4 adders (D:2)
  6 gnolls
  3 worms
  2 dart slugs
  2 bats
  6 endoplasms
  4 giant cockroaches
  9 goblins
  8 hobgoblins
  5 jackals (D:1)
  8 quokkas
  7 ball pythons
  2 frilled lizards
  6 kobolds
  8 rats
95 creatures vanquished.

Notes
Turn   | Place    | Note
-------+----------+-------------------------------------------
     0 | D:1      | Dittersdorf the Human Fighter began the quest for the Orb.
     0 | D:1      | Reached XP level 1. HP: 18/18 MP: 1/1
   128 | D:1      | Reached XP level 2. HP: 18/24 MP: 2/2
   298 | D:1      | Reached XP level 3. HP: 14/29 MP: 3/3
   550 | D:1      | Found Pudwuyha's Magic Scroll Boutique.
   893 | D:2      | Found Noffan's Armour Emporium.
   900 | D:2      | Reached XP level 4. HP: 35/35 MP: 4/4
  1252 | D:2      | Noticed Sigmund
  1260 | D:2      | HP: 1/35 [Sigmund/+0 scythe (10)]
  1263 | D:2      | Killed Sigmund
  1264 | D:2      | Reached XP level 5. HP: 2/42 MP: 5/5
  1264 | D:2      | Reached XP level 6. HP: 3/48 MP: 6/6
  1717 | D:3      | Found a glowing golden altar of the Shining One.
  1820 | D:3      | Noticed Ijyb
  1832 | D:3      | Killed Ijyb
  1969 | D:3      | Found The Oracle's Delphic Readings.
  2169 | D:3      | Found a faded altar of an unknown god.
  2483 | D:4      | Noticed an ogre
  2592 | D:3      | Killed an ogre
  2593 | D:3      | Reached XP level 7. HP: 30/55 MP: 7/7
  2950 | D:4      | Found a runed translucent gate.
  2951 | D:4      | Found a runed translucent gate.
  2953 | D:4      | Found a runed translucent gate.
  2955 | D:4      | Found an opulent altar of Gozag.
  2956 | D:4      | Noticed a water moccasin
  2956 | D:4      | Noticed kaesle's ghost (amateur HOFi)
  2958 | D:4      | Noticed Natasha
  2969 | D:4      | Killed Natasha
  3119 | D:4      | Noticed Natasha
  3121 | D:4      | Killed Natasha
  3389 | D:4      | Noticed Natasha
  3405 | D:4      | Killed Natasha
  3839 | D:5      | Entered Level 5 of the Dungeon
  3907 | D:4      | Reached skill level 5 in Fighting
  3907 | D:4      | Reached skill level 5 in Shields
  3910 | D:4      | HP: 2/56 [something/magic dart (6)]
  3916 | D:4      | Reached skill level 5 in Armour
  3986 | D:5      | Reached XP level 8. HP: 25/62 MP: 8/8
  4148 | D:5      | Killed from afar by an orc priest

Illustrated notes

Levels and vault maps discovered:
D:1:      dreamdust_arrival_beginning_and_end, layout_basic, serial_shops, shop
D:2:      layout_loops_ring, serial_shops, shop, uniq_sigmund
D:3:      layout_basic, mainiacjoe_overflow_small_starburst,
          ebering_ecumenical_altar_mist, nicolae_nh_oracle_at_delphi,
          uniq_crazy_yiuf_cottage, uniq_ijyb
D:4:      wad_woods_tower, layout_cave_pools, ebering_ghost_gozag, uniq_natasha
D:5:      layout_loops_cross, gup_sewer_entry_glass, grunt_decor_arrowhead,
          uniq_blork_the_orc

Skill      XL: |  1  2  3  4  5  6  7 |
---------------+----------------------+-----
Fighting       | 4 5 |  5.4
Long Blades    | 3 4 |  4.8
Armour         | 4 5 |  5.3
Shields        | 4 5 |  5.4

Action                     |  1- 3 |  4- 6 |  7- 9 || total
---------------------------+-------+-------+-------++-------
  Melee: Long sword        |   122 |   148 |   151 ||   421
  Evoke: Wand              |       |     3 |     9 ||    12
    Use: Scroll            |       |     1 |    10 ||    11
 Armour: Scale mail        |   121 |    88 |   135 ||   344
  Dodge: Dodged            |    89 |    59 |    76 ||   224
  Block: Buckler           |    41 |    72 |    95 ||   208
         Reflection        |     2 |       |     2 ||     4

Table legend: (Time is in decaauts)
 A = Elapsed time spent in this place.
 B = Non-inter-level travel time spent in this place.
 C = Inter-level travel time spent in this place.
 D = Time resting spent in this place.
 E = Time spent auto-exploring this place.
 F = Levels seen in this place.
 G = Mean time per level.
                   A        B        C        D        E       F      G
               +--------+--------+--------+--------+--------+-----+--------+
         Total |   4284 |   4132 |    152 |    485 |   2554 |   5 |  856.8 |
       Dungeon |   4284 |   4132 |    152 |    485 |   2554 |   5 |  856.8 |
               +--------+--------+--------+--------+--------+-----+--------+

Top non-repeatable levels by time:
     D:4: 1388 daAuts
     D:3: 937 daAuts
     D:1: 892 daAuts
     D:2: 832 daAuts
     D:5: 233 daAuts
